 Dungeon Crawl Stone Soup version 0.30-a0-297-g0ec75d9ef4 (webtiles) character file.

Game seed: 15189084551545160521

1 freelancePsychic the Sneak (level 1, -4/21 HPs)
             Began as a Naga Delver on Oct 18, 2022.
             Slain by a scorpion (7 damage)
             ... on level 4 of the Dungeon.
             The game lasted 00:00:51 (199 turns).

freelancePsychic the Sneak (Naga Delver)             Turns: 199, Time: 00:00:51

Health: -4/21      AC:  1    Str: 20    XL:     1   Next: 20%
Magic:  1/1        EV:  9    Int: 10    God:
Gold:   0          SH:  0    Dex: 12    Spells: 0/0 levels left

rFire   . . .      SeeInvis +    i - +0 rapier
rCold   . . .      Faith    .    (no shield)
rNeg    . . .      Spirit   .    b - +0 leather armour
rPois   +          Reflect  .    (no helmet)
rElec   .          Harm     .    (no cloak)
rCorr   .          Rampage  .    (no gloves)
Will    .....                    (no barding)
Stlth   ++........               (no amulet)
HPRegen 0.23/turn                j - +6 ring of strength
MPRegen 0.07/turn                (no ring)

@: short of breath, silenced, hasted, quick
A: AC +0, large, see invisible, deformed body, poison resistance, slowness 2,
spit poison 1, naga tail 1
a: Spit Poison


You were on level 4 of the Dungeon.
You visited 1 branch of the dungeon, and saw 2 of its levels.

Inventory:

Hand Weapons
 a - a +0 short sword
 i - a +0 rapier (weapon)
Armour
 b - a +0 leather armour (worn)
Jewellery
 j - a +6 ring of strength (left hand)
Wands
 g - a wand of digging (3)
Scrolls
 c - a scroll of fog
 d - a scroll of magic mapping
 k - a scroll of immolation {unknown}


   Skills:
 + Level 3.0 Fighting
 * Level 2.1 Short Blades
 - Level 1.5 Dodging
 - Level 7.2 Stealth


You couldn't memorise any spells.
You didn't know any spells.
Your spell library was empty.

Dungeon Overview and Level Annotations

Branches:
Dungeon (5/15)
 Temple: D:4-7

Altars:


Innate Abilities, Weirdness & Mutations

Your serpentine skin is tough. (AC +0)
You have supernaturally acute eyesight. (SInv)
Armour fits poorly on your strangely shaped body.
Your system is resistant to poisons. (rPois)
You cover ground very slowly.
You can spit poison.
You have a snake-like lower body.


Message History

Aiming: Spit Poison (3% risk of failure)
Press: ? - help, Q - select action Shift-Dir - straight line, f/p - scorpion
Aim: a scorpion (heavily wounded, 53% to hit)
The splash of poison hits the scorpion.
The scorpion is severely wounded.
The scorpion stings you.
* * * LOW HITPOINT WARNING * * *
The scorpion stings you.
* * * LOW HITPOINT WARNING * * *
As you read the scroll of fear, it crumbles to dust.
You assume a fearsome visage.
The scorpion looks frightened!
Okay, then.
You have got your breath back.
You see here 14 gold pieces.
There is an open door here.
As you close the door, it creaks loudly!
You start resting.
An orc comes into view. It is wielding a +0 club.
As you open the door, it creaks loudly!
There is an open door here.
Aiming: Spit Poison (3% risk of failure)
Press: ? - help, Q - select action Shift-Dir - straight line, f/p - scorpion
Aim: a scorpion (severely wounded, 53% to hit)
You fail to use your ability.
Aiming: Spit Poison (3% risk of failure)
Press: ? - help, Q - select action Shift-Dir - straight line, f/p - scorpion
Aim: a scorpion (severely wounded, 53% to hit)
The splash of poison misses the scorpion.
Okay, then.
As you read the scroll labelled POWALO IDGHU, it crumbles to dust.
A profound silence engulfs you.
It was a scroll of silence.
You feel yourself speed up. The scorpion stings you.
* * * LOW HITPOINT WARNING * * *
The scorpion attacks as you move away! The scorpion barely misses you.
The scorpion seems to regain its courage.
You barely miss the scorpion.
The scorpion is heavily wounded.
The scorpion stings you!
You die...

#≈.# ##+#~≈#
##...~≈##
##.....~~## ~
##......≈≈≈# ..~
#........~####..P~~
+........$'o.....~~
#.......s.####...~.
##......@## P~~ ...
##)....## ~ #.#
##...## #.# ##'##
#.# #.# #.# #######
#.########## #.#
#.....###.##.......#
#.#
#.###.##...#.#####.#
#.###.###.#......#
#.#


You could see a scorpion and an orc.

Vanquished Creatures
  A hobgoblin (D:4)
1 creature vanquished.

Notes
Turn   | Place    | Note
-------+----------+-------------------------------------------
     0 | D:5      | freelancePsychic the Naga Delver began the quest for the
                  | Orb.
     0 | D:5      | Reached XP level 1. HP: 21/21 MP: 1/1
     9 | D:5      | Noticed an iguana
   169 | D:4      | Noticed a scorpion
   183 | D:4      | HP: 1/21 [scorpion (5)]
   199 | D:4      | Slain by a scorpion

Illustrated notes

Levels and vault maps discovered:
D:4:      layout_loops_corners, ebering_ghost_sewer_d, serial_bayou,
          serial_bayou_shore_b, serial_bayou_shore_b, serial_bayou_pond_b,
          serial_bayou_ford_a, chequers_serial_rivers_small_b,
          chequers_serial_rivers_small_a, uniq_blork_the_orc, uniq_menkaure
D:5:      layout_loops_cross, temple_fountains, gammafunk_ghost_hive

Action                   || total
-------------------------++-------
Melee: Rapier            ||     7
 Abil: Spit Poison       ||     3
  Use: Scroll            ||     2
       Potion            ||     1
Dodge: Dodged            ||     2

Table legend: (Time is in decaauts)
 A = Elapsed time spent in this place.
 B = Non-inter-level travel time spent in this place.
 C = Inter-level travel time spent in this place.
 D = Time resting spent in this place.
 E = Time spent auto-exploring this place.
 F = Levels seen in this place.
 G = Mean time per level.
                   A        B        C        D        E       F      G
               +--------+--------+--------+--------+--------+-----+--------+
         Total |    261 |    261 |      0 |      0 |    183 |   2 |  130.5 |
       Dungeon |    261 |    261 |      0 |      0 |    183 |   2 |  130.5 |
               +--------+--------+--------+--------+--------+-----+--------+

Top non-repeatable levels by time:
     D:4: 245 daAuts
     D:5: 16 daAuts
